[Event "41st BAN National Women Chess-ch 2022"]
[Site "Dhaka"]
[Date "2022.11.28"]
[Round "11.1"]
[White "Tasnia Tarannum, Orpa"]
[Black "Khan, Nazrana"]
[Result "1/2-1/2"]
[ECO "E05"]
[WhiteElo "1662"]
[BlackElo "1908"]
[Annotator "TA"]
[PlyCount "114"]
[EventDate "2022.11.17"]
[EventCountry "BAN"]
[SourceTitle "playchess.com"]
[Source "ChessBase"]
[SourceQuality "1"]
[TimeControl "40/5400+30:1800+30"]

1. d4 d5 2. c4 e6 3. g3 Nf6 4. Bg2 Be7 5. Nf3 dxc4 6. O-O a6 {[%emt 0:00:33] E05: Open Catalan: 5 Nf3 Be7.} 7. a4 Nc6 {[%emt 0:03:29] [#]} 8. Nbd2 $146 ({Predecessor:} 8. Na3 Na5 9. Qc2 Nb3 10. Rb1 Bxa3 11. bxa3 b5 12. Ne5 Nd5 13. Nc6 Qd7 14. e4 Nf6 {0-1 (36) Matlakov,M (2671)-Yoo,C (2567) Chess.com INT 2022}) 8... Nxd4 9. Nxc4 Nxf3+ 10. Bxf3 Qxd1 11. Rxd1 O-O 12. Bf4 Nd5 13. Bxd5 ({Better is} 13. Be5 $11) 13... exd5 $15 14. Rxd5 Be6 15. Re5 Rfe8 16. Rc1 Rad8 17. Be3 (17. Na5 $11 {keeps the balance.}) 17... b6 18. Re4 h6 19. Rd4 Bg5 {[%emt 0:09:34] This pair of bishops is nice.} (19... Rxd4 {simplifies} 20. Bxd4 f6 21. f3 Kf7) 20. Rxd8 Rxd8 21. Bxg5 hxg5 $11 {[%emt 0:00:08][%mdl 4096] Endgame KRB-KRN} 22. a5 bxa5 23. Nxa5 Rd2 24. Rxc7 (24. Kf1 $11 {remains equal.}) 24... Rxb2 (24... Rxe2 $17 25. b3 Ra2) 25. Kf1 $15 Rb5 26. Nc6 Rb1+ 27. Kg2 g4 28. f3 Rb2 29. Nd4 gxf3+ 30. Kxf3 Bd5+ 31. e4 Ba2 32. Rc8+ Kh7 33. Rc2 (33. h4 $11) 33... Rxc2 34. Nxc2 {[%emt 0:00:07] KB-KN} a5 {[%emt 0:01:05][%cal Ba6a5,Ba5a4][%mdl 32] Inhibits Nb4.} 35. Kf4 Kh6 36. Nd4 a4 37. Nb5 {[%emt 0:02:58] [#]} ({White has to play} 37. h4 $1 $15) 37... Be6 (37... f6 $1 $17 {And now ...Be6 would win.} 38. Kf5 Bf7) 38. h4 $1 Kh5 39. e5 Bb3 40. Nd4 Be6 {[%emt 0:00:00] Strongly threatening ...a3.} 41. Nb5 Bh3 42. Na3 $1 Bf1 43. Nc2 Bc4 44. Na3 $1 Be6 45. Nb5 $1 g6 46. Na3 $1 Bb3 47. Nb5 Bc4 48. Na3 Bd3 49. Kf3 g5 50. hxg5 ({Of course not} 50. Ke3 gxh4 51. gxh4 Ba6 $17) 50... Kxg5 {[%emt 0:00:00] ...Bf5 is the strong threat.} 51. Ke3 Bf1 52. Kd4 Bh3 53. Nc4 Be6 {[%emt 0:00:00] [#] ( -> ...Bxc4)} 54. Ne3 Kg6 55. Nc2 Bb3 56. Ne3 Kg5 (56... a3 $5 57. Kc3 $8 Ba4 $11) 57. Kc3 Kh5 {[%emt 0:00:37] Weighted Error Value: White=0.14 (very precise) /Black=0.14 (very precise)} 1/2-1/2

[Event "41st BAN National Women Chess-ch 2022"]
[Site "Dhaka"]
[Date "2022.11.28"]
[Round "11.2"]
[White "Noshin, Anjum"]
[Black "Nusrat Jahan, Alo"]
[Result "1/2-1/2"]
[WhiteElo "1907"]
[BlackElo "1710"]
[Annotator "TA"]
[PlyCount "37"]
[EventDate "2022.11.17"]
[EventCountry "BAN"]
[SourceTitle "playchess.com"]
[Source "ChessBase"]
[SourceQuality "1"]
[TimeControl "40/5400+30:1800+30"]

1. e4 c5 2. Nf3 e6 3. d4 cxd4 4. Nxd4 a6 5. Nc3 Qc7 6. Bd3 Nf6 7. O-O Be7 {[%emt 1:33:07] [#]} {Predecessor:} 8. Kh1 $146 {B82: Sicilian Scheveningen: 6 f4.} d6 9. f4 b5 10. e5 dxe5 11. fxe5 Qxe5 12. Bf4 Qc5 13. Qf3 Qa7 14. Ndxb5 axb5 15. Nxb5 Bb7 16. Qg3 Nh5 17. Qg4 Bxg2+ 18. Qxg2 Nxf4 19. Rxf4 {1-0 (25) Guseinov,G (2666)-Geller,J (2521) Moscow 2019} 1/2-1/2

[Event "41st BAN National Women Chess-ch 2022"]
[Site "Dhaka"]
[Date "2022.11.28"]
[Round "11.3"]
[White "Jannatul, Ferdous"]
[Black "Talukder, Umme Taslima Protiva"]
[Result "1/2-1/2"]
[WhiteElo "1861"]
[BlackElo "1780"]
[Annotator "NA RC"]
[PlyCount "18"]
[EventDate "2022.11.17"]
[EventCountry "BAN"]
[SourceTitle "playchess.com"]
[Source "ChessBase"]
[SourceQuality "1"]
[TimeControl "40/5400+30:1800+30"]

1. d4 Nf6 2. Nf3 g6 3. Bf4 Bg7 4. e3 d6 5. h3 Nbd7 6. c4 O-O $11 7. Nc3 c5 8. Be2 b6 9. O-O Bb7 (9... cxd4 $1 $11 10. exd4 (10. Nxd4 Bb7 $11) (10. Qxd4 $2 {too greedy.} e5 $19) 10... Bb7) 1/2-1/2

[Event "41st BAN National Women Chess-ch 2022"]
[Site "Dhaka"]
[Date "2022.11.28"]
[Round "11.5"]
[White "Ahmed, Walijah"]
[Black "Sabiha, Marjana"]
[Result "1-0"]
[ECO "B07"]
[WhiteElo "1977"]
[BlackElo "1267"]
[Annotator "TA"]
[PlyCount "45"]
[EventDate "2022.11.17"]
[EventCountry "BAN"]
[SourceTitle "playchess.com"]
[Source "ChessBase"]
[SourceQuality "1"]
[TimeControl "40/5400+30:1800+30"]

1. e4 d6 2. d4 Nf6 3. Nc3 c6 4. f4 Qa5 5. Bd3 e5 6. Nf3 Bg4 7. Be3 Qb6 {[%emt 0:02:47] B07: Pirc Defence: Miscellaneous Systems.} (7... exf4 $14 8. Bxf4 Qb6) 8. Qd2 (8. dxe5 $2 Qxe3+ 9. Qe2 Qxe2+ 10. Bxe2 Bxf3 11. exf6 Bxe2 12. fxg7 Bxg7 13. Nxe2 Na6 $19) ({White should play} 8. fxe5 $16 dxe5 9. Qd2) 8... Bxf3 $4 (8... Qxb2 $2 9. Rb1 Qa3 10. fxe5 $18 (10. dxe5 dxe5 11. Nxe5 Be6 $16)) ({Better is} 8... exf4 $1 $14 9. Bxf4 Bxf3 10. gxf3 Qxd4) 9. dxe5 $18 {[%emt 0:00:23][%mdl 64] [#] Discovered Attack} (9. gxf3 $2 {perishes.} exd4 10. Bxd4 Qxd4 $19) (9. Na4 Qd8 10. gxf3 exf4 11. Bxf4 Nh5 $16) 9... Nxe4 $146 {[%emt 0:07:34] White is winning.} ({Predecessor:} 9... Qd8 10. exf6 Bg4 11. f5 d5 12. exd5 cxd5 13. O-O gxf6 14. Rae1 Be7 15. Bc5 Nc6 16. Bxe7 Nxe7 17. Bb5+ Kf8 18. Qh6+ Kg8 19. Qxf6 Nc6 20. Qh6 f6 21. Rf4 Bxf5 22. Rxf5 {1-0 (22) Sameeh,H (2292)-Elgendy,A (2174) Cairo 2007}) 10. Bxe4 ({Not} 10. Nxe4 Qxb2 11. O-O Bxe4 $18) 10... Qc7 11. Bxf3 dxe5 12. fxe5 Qxe5 13. O-O-O Be7 {[%emt 0:00:38] Inhibits Qd8+.} 14. Bf4 Qa5 15. Rhe1 {[%emt 0:01:18][%cal Oe1e7] Threatening mate with Rxe7+!} O-O 16. Rxe7 Na6 17. Be5 f6 {[%emt 0:08:06] [#]} 18. Rxg7+ $3 {[%emt 0:00:15] White mates.} Kxg7 19. Qg5+ Kh8 20. Bxf6+ Rxf6 21. Qxf6+ Kg8 22. Rd7 Qc5 23. Qg7# {[%emt 0:00:06] White took control after the opening.   Weighted Error Value: White=0.07 (flawless) /Black=1.34} 1-0

[Event "41st BAN National Women Chess-ch 2022"]
[Site "Dhaka"]
[Date "2022.11.28"]
[Round "11.6"]
[White "Kazi Zarin, Tasnim"]
[Black "Warsia, Khusbu"]
[Result "1-0"]
[ECO "B30"]
[WhiteElo "1860"]
[BlackElo "1540"]
[Annotator "NA RC COMBH"]
[PlyCount "102"]
[EventDate "2022.11.17"]
[EventCountry "BAN"]
[SourceTitle "playchess.com"]
[Source "ChessBase"]
[SourceQuality "1"]
[TimeControl "40/5400+30:1800+30"]

1. e4 c5 2. Nf3 Nc6 3. Nc3 e5 4. Bc4 Be7 5. d3 Nf6 6. Nd2 a6 7. a4 Nd4 8. Nd5 O-O 9. Nxe7+ Qxe7 10. Nf1 ({White should play} 10. c3 $14 Nc6 11. Bd5) 10... Rb8 (10... d5 $1 $11 11. exd5 Bg4) 11. a5 (11. Bg5 $14) 11... d6 (11... d5 $1 $11 12. Bxd5 Nxd5 13. exd5 e4) 12. Ne3 Be6 13. c3 Bxc4 14. dxc4 Ne6 15. f3 g6 16. h4 (16. O-O $16) 16... Nf4 (16... b6 $11 {is more appropriate.}) 17. g3 N4h5 18. Kf2 Qe6 19. Qe2 (19. Ra3 $16) 19... Ne8 (19... Nd7 $1 $11) 20. g4 Nf4 21. Qf1 (21. Qc2 $14) 21... Ng7 ({Black should try} 21... h5 $11) 22. Nd5 (22. h5 $1 $14 {might be stronger.}) 22... f5 $2 (22... Nxd5 $11 23. cxd5 Qe7) 23. Nxf4 exf4 24. exf5 gxf5 {[%emt 0:00:00] [#]} 25. g5 $1 Nh5 {[%emt 0:00:00] [#]} 26. Qd3 $1 Rbd8 (26... Rbe8 $142) 27. Re1 Qf7 {[%emt 0:00:00] [#]} 28. Qd5 $1 Qxd5 29. cxd5 Rfe8 30. Bd2 c4 31. Ra4 (31. Rxe8+ $18 {and White stays clearly on top.} Rxe8 32. b3) 31... Rxe1 (31... Re5 {keeps fighting.}) 32. Kxe1 ({Don't do} 32. Bxe1 Rc8) 32... Rc8 $18 33. Rb4 Rc5 34. Rxb7 Rxd5 35. Rc7 (35. b4 $18 {and White stays clearly on top.} cxb3 36. c4) 35... Rc5 36. Rxc5 dxc5 37. Kd1 Kf7 38. Kc2 Ke6 39. b4 Kd6 $2 (39... cxb3+ $16 {was worth a try.} 40. Kxb3 Kd5) 40. Kb2 Kc6 (40... Kd5 $18 41. Ka3 Kd6) 41. Bc1 Kb5 {[%emt 0:00:00] [#]} 42. Ka3 $1 cxb4+ 43. cxb4 c3 44. Kb3 Ng3 45. Bxf4 Ne2 46. Be3 f4 47. Bf2 Kc6 48. Kc2 Kd5 49. Kd3 Kc6 50. Kxe2 c2 51. Kd2 Kd5 1-0